 Dungeon Crawl Stone Soup version 0.16-a0-2652-gd333f3b (webtiles) character file.

8412 RobertPalmer the Black Sun (level 11, -3/61 HPs)
             Began as an Octopode Necromancer on Nov 23, 2014.
             Was a High Priest of Kikubaaqudgha.
             Slain by an unseen horror (6 damage)
             ... on level 11 of the Dungeon.
             The game lasted 00:46:15 (11988 turns).

RobertPalmer the Black Sun (Octopode Necromancer)  Turns: 11988, Time: 00:46:15

Health: -3/61      AC:  1    Str:  7    XL:     11   Next: 30%
Magic:  4/28       EV: 16    Int: 18    God:    Kikubaaqudgha [*****.]
Gold:   608        SH:  7    Dex: 16    Spells: 6 memorised, 5 levels left

rFire  . . .     SeeInvis .     a - +7 whip of the King {drain, rElec rPois}
rCold  . . .     Clarity  .     K - +3 buckler
rNeg   . . .     SustAb   .     (helmet restricted)
rPois  +         Gourm    .     n - amulet of resist mutation (curse)
rElec  +         Spirit   .     E - ring of stealth
rCorr  .         Warding  .     (no ring)
rMut   +         Stasis   .     (no ring)
MR     .....                    (no ring)
Stlth  ++++......               (no ring)
                                (no ring)
                                (no ring)
                                (no ring)

@: about to teleport, not resistant to hostile enchantments, stealthy
A: almost no armour, amphibious, 8 rings, constrict 8, camouflage 1, gelatinous
body 1
a: Receive Corpses, Torment, Renounce Religion


You were on level 11 of the Dungeon.
You worshipped Kikubaaqudgha.
Kikubaaqudgha was extremely pleased with you.
You were not hungry.

You visited 1 branch of the dungeon, and saw 11 of its levels.
You also visited: Bailey.

You collected 608 gold pieces.


Innate Abilities, Weirdness & Mutations

You cannot wear most types of armour.
You are amphibious.
You can wear up to eight rings at the same time.
You can use your tentacles to constrict many enemies at once.
Your skin changes colour to match your surroundings (Stealth).
Your rubbery body absorbs attacks (AC +1).


   Skills:
 - Level 8.1 Maces & Flails
 - Level 7.5 Dodging
 - Level 2.6 Stealth
 - Level 2.1 Shields
 + Level 8.6 Spellcasting
 - Level 10.4 Necromancy


You had 5 spell levels left.
You knew the following spells:

 Your Spells              Type           Power        Failure   Level  Hunger
x - Vampiric Draining     Necr           #####.....   1%          3    None
y - Death Channel         Necr           #####.....   21%         6    ######.
z - Agony                 Necr           #####...     3%          5    #####..
O - Animate Skeleton      Necr           N/A          1%          1    None
P - Regeneration          Chrm/Necr      ####......   3%          3    None
X - Animate Dead          Necr           N/A          1%          4    ###....

Inventory:

Hand weapons
 a - the +7 whip of the King (weapon) {drain, rElec rPois}
   (You found it on level 4 of the Dungeon)

   A truly terrible weapon, it drains the life of those it strikes.
   It insulates you from electricity.
   It protects you from poison.
 b - a +1 blowgun
Missiles
 d - 92 poisoned needles
 v - 5 needles of paralysis
 y - 6 poisoned javelins (quivered)
Armour
 K - a +3 buckler (worn)
Magical staves
 u - an uncursed staff of poison
Jewellery
 n - a cursed amulet of resist mutation (around mantle)
 t - an uncursed ring of ice
 E - a ring of stealth (left tentacle)
Magical devices
 s - a wand of cold (11)
 x - a wand of random effects (12)
 D - a wand of draining (0)
 G - a wand of heal wounds (0) {!d}
Scrolls
 e - 6 scrolls of identify
 g - 4 scrolls of remove curse
 i - a scroll of enchant armour
 k - a scroll of enchant weapon
 q - 4 scrolls of amnesia
 J - 2 scrolls of teleportation
Potions
 f - a potion of agility
 l - 4 potions of magic
 p - a potion of cancellation {unknown}
 r - 3 potions of haste
 w - a potion of beneficial mutation {unknown}
 z - 3 potions of restore abilities
 L - 3 potions of flight {unknown}
Books
 m - a book of the Dragon
 B - a book of Necromancy
 C - Kikubaaqudgha's Almanac of Stolen Souls
   (Kikubaaqudgha gifted it to you on level 5 of the Dungeon)

   Spells                             Type                      Level
   *Animate Skeleton                  Necromancy                   1
   Corpse Rot                         Necromancy                   2
   Sublimation of Blood               Necromancy                   2
   *Vampiric Draining                 Necromancy                   3
   Control Undead                     Necromancy                   4
 M - Kikubaaqudgha's Tome of Darkness
   (Kikubaaqudgha gifted it to you on level 9 of the Dungeon)

   Spells                             Type                      Level
   *Agony                             Necromancy                   5
   Dispel Undead                      Necromancy                   5
   Twisted Resurrection               Necromancy                   5
   Simulacrum                         Ice/Necromancy               6
   *Death Channel                     Necromancy                   6
Miscellaneous
 I - a lantern of shadows
 N - a disc of storms
Comestibles
 c - 10 bread rations
 h - 3 beef jerkies
 o - 3 meat rations
 A - 7 slices of pizza
 F - 2 fruits

Dungeon Overview and Level Annotations

Branches:
Dungeon (11/15)            Temple (0/1) D:5            Lair (0/8) D:10
    Orc: D:9-12

Altars:
Ashenzari
Dithmenos
Gozag
Kikubaaqudgha
Nemelex Xobeh
Qazlal
Sif Muna
Trog
Vehumet
Xom
Yredelemnul
The Shining One

Shops:
D:7 }   D:9 *

Annotations:
D:6 Prince Ribbit

....+.####....# ##.# ....###
#....# #.# ..### ##'### #.#
###### #...# #Z##### >....#
####'## )Z....# .....# #.....#
###(Z....# .....# #.....#
#(KKZ(...#
.....#####.....######Z#KKZ...#
.....Z..##.....'@.....#KK....+
.....##..'.....########K.....#
.....#####.....# K.....#
.....# #.....#### ......
.....# #........# ####+ ######
##'#####.# ##.# #.. #..# #...
#<###...


You could see a friendly hound zombie.


Message History

Zapping:
s - a wand of cold (will waste charges)
Aim: a big kobold zombie (friendly) Really fire at your big kobold zombie?
Okay, then.
Something hits you.
* * * LOW HITPOINT WARNING * * *
The kobold hits your big kobold zombie. Something hits your big kobold zombie!
Your big kobold zombie hits the kobold with a club.
The kobold dies!
Kikubaaqudgha accepts your kill. Something hits you.
* * * LOW HITPOINT WARNING * * *
Your big kobold zombie hits the big kobold.
Something hits your kobold zombie. Something hits your kobold zombie!
Your kobold zombie is destroyed!
Your big kobold zombie hits the big kobold.
Read which item? (? for menu, Esc to quit)
As you read the scroll of teleportation, it crumbles to dust.
You feel strangely unstable. Something hits you.
* * * LOW HITPOINT WARNING * * *
The big kobold hits something.
Something hits you!
* * * LOW HITPOINT WARNING * * *
Something hits your hound zombie.
All of the chunks of flesh in your inventory have rotted away.
Something hits you.
* * * LOW HITPOINT WARNING * * *
Something hits you.
You die...
Kikubaaqudgha rasps: "You have failed me!
Welcome... death!"

Action                   |  1- 3 |  4- 6 |  7- 9 | 10-12 || total
-------------------------+-------+-------+-------+-------++-------
Melee: Unarmed           |   102 |     4 |       |       ||   106
       Quarterstaff      |       |    38 |       |       ||    38
       Whip              |       |    49 |   225 |   259 ||   533
 Fire: Blowgun           |       |     4 |    31 |    40 ||    75
Throw: Javelin           |       |       |       |     5 ||     5
 Cast: Animate Skeleton  |    23 |    19 |    30 |    38 ||   110
       Pain              |    13 |    22 |       |       ||    35
       Vampiric Draining |       |     9 |    17 |    20 ||    46
       Regeneration      |       |       |     9 |     4 ||    13
       Animate Dead      |       |       |     6 |    17 ||    23
       Agony             |       |       |       |     6 ||     6
Invok: Receive Corpses   |       |       |     3 |     3 ||     6
Evoke: Wand              |       |       |     2 |    13 ||    15
  Use: Potion            |       |     1 |     2 |     2 ||     5
       Scroll            |       |     2 |    15 |    11 ||    28
 Stab: Sleeping          |    11 |     5 |    30 |     8 ||    54
       Distracted        |       |     1 |     4 |     1 ||     6
  Eat: Chunk             |     4 |     8 |    16 |    15 ||    43
       Beef jerky        |       |       |     3 |       ||     3

Vault maps used:
D:1:      sevenhm_arrival_forest_fort_large_2
D:2:      nemelex_xobeh_ov_fountains_minmay, corexii_corridor_pit
D:3:      grunt_temple_overflow_octagram, uniq_robin, uniq_crazy_yiuf_cottage,
          uniq_iyjb
D:4:      kennysheep_goblin_castle, first_bread
D:5:      temple_fountains, uniq_blork_the_orc
D:6:      grunt_gozag_statues, uniq_prince_ribbit1
D:7:      serial_shops, nicolae_shop_trees, grunt_livestock,
          grunt_qazlal_sundering
D:8:      lemuel_round_altar
D:9:      led_sif_pool, serial_shops, nicolae_shop_stone
D:10:     erik_lair_orcish_takeover, enter_bailey_2, rats_and_rats_again
D:11:     david_orc_4, minmay_strange_pillars, nicolae_wwwww, uniq_psyche
Bailey:   bailey_axe_3, bailey

Notes
Turn   | Place    | Note
--------------------------------------------------------------
     0 | D:1      | RobertPalmer, the Octopode Necromancer, began the quest for the Orb.
     0 | D:1      | Reached XP level 1. HP: 11/11 MP: 3/3
     3 | D:1      | Learned a level 1 spell: Animate Skeleton
   405 | D:1      | Reached XP level 2. HP: 12/17 MP: 4/4
   719 | D:1      | Reached XP level 3. HP: 8/21 MP: 3/6
  1074 | D:1      | Reached skill level 5 in Necromancy
  2005 | D:2      | Found a sparkling altar of Nemelex Xobeh.
  2054 | D:2      | Learned a level 3 spell: Vampiric Draining
  2159 | D:2      | Reached XP level 4. HP: 19/27 MP: 1/7
  2455 | D:3      | Noticed Crazy Yiuf
  2505 | D:3      | Killed Crazy Yiuf
  2584 | D:3      | Noticed Ijyb
  2596 | D:3      | Killed Ijyb
  2596 | D:3      | Reached skill level 6 in Necromancy
  2647 | D:3      | Noticed Robin
  2648 | D:3      | Reached XP level 5. HP: 25/31 MP: 0/9
  2668 | D:3      | Killed Robin
  2955 | D:3      | Found a glowing golden altar of the Shining One.
  2956 | D:3      | Found a radiant altar of Vehumet.
  2958 | D:3      | Found a bloodstained altar of Trog.
  2970 | D:3      | Found an ancient bone altar of Kikubaaqudgha.
  2975 | D:3      | Became a worshipper of Kikubaaqudgha
  2987 | D:3      | Found a shadowy altar of Dithmenos.
  3003 | D:3      | Found a shattered altar of Ashenzari.
  3007 | D:3      | Found a shimmering altar of Xom.
  3250 | D:4      | Got a crude whip
  3258 | D:4      | Identified the +7 whip of the King {drain, rElec rPois} (You found it on level 4 of the Dungeon)
  3455 | D:4      | Noticed an ogre
  3462 | D:4      | Reached skill level 1 in Maces & Flails
  3467 | D:4      | Reached XP level 6. HP: 25/36 MP: 2/11
  3609 | D:4      | Killed an ogre
  3609 | D:4      | Reached skill level 2 in Maces & Flails
  3694 | D:4      | Reached skill level 3 in Maces & Flails
  3869 | D:4      | Learned a level 3 spell: Regeneration
  4067 | D:5      | Entered Level 5 of the Dungeon
  4069 | D:5      | Acquired Kikubaaqudgha's first power
  4069 | D:5      | Received a gift from Kikubaaqudgha
  4070 | D:5      | Identified Kikubaaqudgha's Almanac of Stolen Souls (Kikubaaqudgha gifted it to you on level 5 of the Dungeon)
  4226 | D:5      | Noticed Blork the orc
  4232 | D:5      | Killed Blork the orc
  4232 | D:5      | Reached skill level 4 in Maces & Flails
  4232 | D:5      | Reached XP level 7. HP: 30/41 MP: 12/12
  4611 | D:5      | Reached skill level 5 in Maces & Flails
  4724 | D:5      | Found a staircase to the Ecumenical Temple.
  4934 | D:5      | Reached skill level 6 in Maces & Flails
  4944 | D:5      | Learned a level 4 spell: Animate Dead
  5073 | D:6      | Identified a wand of heal wounds
  5153 | D:6      | Reached XP level 8. HP: 30/46 MP: 3/14
  5250 | D:6      | Noticed Prince Ribbit
  5262 | D:6      | HP: 3/46 [Prince Ribbit (13)]
  5449 | D:6      | Found an opulent altar of Gozag.
  5618 | D:6      | Reached skill level 7 in Maces & Flails
  6423 | D:6      | Reached skill level 8 in Maces & Flails
  6660 | D:7      | Noticed a hill giant
  6785 | D:7      | Reached skill level 3 in Dodging
  6829 | D:7      | Acquired Kikubaaqudgha's second power
  6903 | D:7      | Found Xalycsar's Gadget Emporium.
  6921 | D:7      | Found a stormy altar of Qazlal.
  6954 | D:7      | Reached skill level 4 in Dodging
  7079 | D:7      | Reached skill level 5 in Dodging
  7162 | D:7      | Reached XP level 9. HP: 51/51 MP: 16/16
  7295 | D:7      | Reached skill level 6 in Dodging
  7458 | D:7      | Killed a hill giant
  7458 | D:7      | Reached skill level 7 in Dodging
  8177 | D:8      | Found a basalt altar of Yredelemnul.
  8183 | D:8      | Reached skill level 1 in Shields
  8447 | D:8      | Reached skill level 2 in Shields
  8532 | D:9      | Reached skill level 7 in Necromancy
  8609 | D:9      | Received a gift from Kikubaaqudgha
  8610 | D:9      | Identified Kikubaaqudgha's Tome of Darkness (Kikubaaqudgha gifted it to you on level 9 of the Dungeon)
  8908 | D:9      | Reached skill level 8 in Necromancy
  9009 | D:9      | Found a deep blue altar of Sif Muna.
  9121 | D:9      | Reached XP level 10. HP: 51/56 MP: 17/17
  9184 | D:9      | Found Odisiqij's General Store.
  9427 | D:9      | Reached skill level 9 in Necromancy
  9676 | D:10     | Entered Level 10 of the Dungeon
  9676 | D:10     | Noticed a four-headed hydra
  9779 | D:10     | Found a flagged portal.
  9868 | Bailey   | Entered a bailey
 10030 | Bailey   | Noticed an orc knight
 10059 | Bailey   | Acquired Kikubaaqudgha's third power
 10082 | Bailey   | Killed an orc knight
 10082 | Bailey   | Reached skill level 10 in Necromancy
 10132 | Bailey   | Found an iron altar of Okawaru.
 10205 | D:10     | Killed an unseen horror
 10205 | D:10     | Reached skill level 4 in Spellcasting
 10478 | D:10     | Noticed a hill giant
 10519 | D:10     | Killed a hill giant
 10519 | D:10     | Reached skill level 5 in Spellcasting
 10716 | D:10     | Found a staircase to the Lair.
 10765 | D:9      | Acquired Kikubaaqudgha's fourth power
 10844 | D:10     | Reached skill level 6 in Spellcasting
 11110 | D:11     | Learned a level 6 spell: Death Channel
 11116 | D:11     | Learned a level 5 spell: Agony
 11189 | D:11     | Noticed Psyche
 11200 | D:11     | Killed Psyche
 11200 | D:11     | Reached skill level 7 in Spellcasting
 11200 | D:11     | Reached XP level 11. HP: 47/61 MP: 15/26
 11548 | D:11     | Reached skill level 8 in Spellcasting
 11987 | D:11     | HP: 3/61 [something (5)]
 11988 | D:11     | Slain by an unseen horror

Vanquished Creatures
  An orc knight (Bailey)
  Psyche (D:11)
  A two-headed ogre (D:9)
  A human (D:7)
  3 yaks (D:11)
  2 deep elf magi
  A hog (D:7)
  A hungry ghost (D:10)
  A water moccasin (D:9)
  A phantom (D:6)
  2 ice beasts
  4 ogres
  8 orc warriors
  A centaur (D:5)
  9 big kobolds (D:11)
  4 giant frogs
  A crocodile (D:9)
  Blork the orc (D:5)
  A wyvern zombie (D:11)
  6 scorpions
  2 wights (D:10)
  2 goliath beetles
  2 crimson imps
  A centaur zombie (D:9)
  4 jellies
  A quasit (D:10)
  Crazy Yiuf (D:3)
  8 hounds
  12 orc priests
  3 iguanas
  3 worker ants
  5 orc wizards
  3 sheep (D:7)
  Ijyb (D:3)
  2 hound zombies
  A mummy (D:11)
  2 worker ant zombies
  Robin (D:3)
  6 adders
  5 gnolls
  5 river rats (D:10)
  3 shadow imps
  2 giant mites
  2 worms
  An adder zombie (D:5)
  2 adder skeletons
  5 giant geckos
  28 orcs
  14 bats
  6 giant cockroaches
  21 hobgoblins
  11 jackals
  22 kobolds
  A ball python (D:1)
  6 giant newts
  25 goblins
  2 jackal skeletons
  A jackal zombie (D:6)
  5 quokkas
  20 rats
  A ballistomycete (D:7)
298 creatures vanquished.

Vanquished Creatures (collateral kills)
  An unseen horror (D:10)
  2 hill giants
  An orc warrior (D:10)
  A warg (D:10)
  A water moccasin (D:10)
  A phantom (D:10)
  A sky beast (D:9)
  2 big kobolds
  2 giant frogs
  A scorpion (D:10)
  2 wights (D:10)
  2 crimson imps
  2 worker ants
  A hound skeleton (D:7)
  4 river rats (D:10)
  A shadow imp (D:5)
  A giant gecko (D:5)
  An ooze (D:2)
  8 orcs
  2 hobgoblins (D:1)
  A bat (D:2)
  4 giant cockroaches
  A goblin (D:3)
  15 kobolds
  26 rats
84 creatures vanquished.

Vanquished Creatures (others)
  A hill giant skeleton (D:10)
  A hog skeleton (D:7)
  A komodo dragon zombie (D:10)
  A wyvern zombie (D:10)
  A water moccasin zombie (D:10)
  2 yak zombies
  A troll zombie (D:10)
  A yak skeleton (D:11)
  A centaur zombie (D:7)
  A giant frog skeleton (D:10)
  2 elf skeletons
  A big kobold zombie (D:11)
  A killer bee zombie (D:10)
  A hound zombie (D:9)
  2 hound skeletons
  A worker ant zombie (D:10)
  3 scorpion zombies
  A worm zombie (D:10)
  An adder skeleton (D:9)
  A sheep skeleton (D:7)
  5 bat skeletons
  A bat zombie (D:7)
  A ball python skeleton (D:1)
  3 giant gecko skeletons
  A giant gecko zombie (D:10)
  A giant mite zombie (D:7)
  A giant newt skeleton (D:1)
  A giant newt zombie (D:10)
  A giant spore (D:7)
  2 goblin skeletons
  3 goblin zombies
  4 hobgoblin skeletons
  A hobgoblin zombie (D:6)
  3 jackal skeletons
  6 kobold skeletons
  5 kobold zombies
  13 orc skeletons
  9 orc zombies
  A quokka skeleton (D:9)
  A quokka zombie (D:6)
  12 rat skeletons
  8 rat zombies
  2 river rat skeletons (D:10)
110 creatures vanquished.

Grand Total: 492 creatures vanquished
